 Dungeon Crawl Stone Soup version 0.30-a0-585-g93115170b9 (webtiles) character file.

Game seed: 11324284832095301420

21 TrayleKats the Magician (level 2, 0/15 HPs)
             Began as a Deep Elf Air Elementalist on Jan 2, 2023.
             Succumbed to an adder's poison
             ... on level 2 of the Dungeon.
             The game lasted 00:01:47 (1022 turns).

TrayleKats the Magician (Deep Elf Air Elementalist) Turns: 1022, Time: 00:01:47

Health: 0/15       AC:  2    Str:  5    XL:     2   Next: 65%
Magic:  0/8        EV: 13    Int: 19    God:
Gold:   33         SH:  0    Dex: 15    Spells: 3/7 levels left

rFire   . . .      SeeInvis .    (no weapon)
rCold   . . .      Faith    .    (no shield)
rNeg    . . .      Spirit   .    a - +0 robe
rPois   .          Reflect  .    (no helmet)
rElec   .          Harm     .    (no cloak)
rCorr   .          Rampage  .    (no gloves)
Will    .....                    (no boots)
Stlth   ++                       (no amulet)
HPRegen 0.22/turn                (no ring)
MPRegen 0.11/turn                (no ring)

@: lethally poisoned (0 -> -1), attractive
A: no striking features
a: no special abilities


You were on level 2 of the Dungeon.
You visited 1 branch of the dungeon, and saw 2 of its levels.

You collected 33 gold pieces.

Inventory:

Armour
 a - a +0 robe (worn)
Scrolls
 c - a scroll of vulnerability {unknown}
 e - a scroll of poison {unknown}
Potions
 b - a potion of magic
 f - a potion of degeneration {unknown}


   Skills:
 - Level 2.7 Dodging
 - Level 2.8 Stealth
 + Level 3.3 Spellcasting
 * Level 1.7 Conjurations
 + Level 3.2 Air Magic


You had 3 spell levels left.
You knew the following spells:

 Your Spells              Type           Power      Damage    Failure   Level
a - Shock                 Conj/Air       48%        1d6       5%          1
b - Necrotise             Necr           12%        1d4       14%         1
c - Static Discharge      Conj/Air       24%        2-3/arc   9%          2

Your spell library contained the following spells:

 Spells                   Type           Power      Damage    Failure   Level
 Swiftness                Air            15%        N/A       12%         3
 Apportation              Tloc           6%         N/A       14%         1
 Summon Small Mammal      Summ           12%        N/A       14%         1
 Airstrike                Air            7%         2d(2-18)  36%         4
 Animate Dead             Necr           3%         N/A       82%         4
 Haunt                    Necr/Summ      1%         N/A       100%        7
 Infestation              Necr           1%         N/A       100%        8


Dungeon Overview and Level Annotations

Branches:
Dungeon (2/15)

Altars:

Annotations:
D:2 Terence


Message History

Confirm with . or Enter, or press ? or * to list all spells.
Aiming: Necrotise (safe; 14% risk of failure)
Press: ? - help, Shift-Dir - straight line, f/p - bat
Aim: a bat (moderately wounded, chance to affect: 62%)
The bat writhes in agony.
You kill the bat!
The dead are flying!
The adder bites you.
You are poisoned.
The adder poisons you! The adder closely misses you.
Casting: Necrotise (safe; 14% risk of failure)
Confirm with . or Enter, or press ? or * to list all spells.
Aiming: Necrotise (safe; 14% risk of failure)
Press: ? - help, Shift-Dir - straight line, f - adder
Aim: an adder (moderately wounded, ally target, chance to affect: 52%)
The adder resists with significant effort.
You feel sick.
Your bat skeleton closely misses the adder.
Your bat skeleton barely misses the adder.
The adder closely misses you.
Casting: Necrotise (safe; 14% risk of failure)
Confirm with . or Enter, or press ? or * to list all spells.
You don't have enough magic to cast this spell.
Unknown command.
The adder attacks as you move away! The adder bites you but does no damage.
You feel sick.
Your bat skeleton barely misses the adder.
Your bat skeleton closely misses the adder.
Your bat skeleton misses the adder.
Casting: Necrotise (safe; 14% risk of failure)
Confirm with . or Enter, or press ? or * to list all spells.
Aiming: Necrotise (safe; 14% risk of failure)
Press: ? - help, Shift-Dir - straight line, f/p - adder
Aim: an adder (moderately wounded, ally target, chance to affect: 52%)
The adder writhes in agony.
You feel sick.
Your bat skeleton hits the adder. x2
The adder bites you.
* * * LOW HITPOINT WARNING * * *
Your bat skeleton hits the adder but does no damage.
It was a potion of attraction.
You feel attractive to monsters.
You die...

.# . ... .. ....
...? ###..# .....
.....# .....#
##....
......##Z)#
.......@S## #
.$........####..#
......#.........#
......###..####..
..... ##<#####
....# #.....#
#### #####.#


You could see an adder (ally target) and a friendly bat skeleton.

Vanquished Creatures
  A dart slug (D:1)
  3 bats
  2 endoplasms (D:1)
  A goblin (D:1)
  4 kobolds
  2 ball pythons (D:1)
  3 frilled lizards
  3 rats (D:1)
19 creatures vanquished.

Notes
Turn   | Place    | Note
-------+----------+-------------------------------------------
     0 | D:1      | TrayleKats the Deep Elf Air Elementalist began the quest
                  | for the Orb.
     0 | D:1      | Reached XP level 1. HP: 10/10 MP: 6/6
   398 | D:1      | Reached XP level 2. HP: 15/15 MP: 4/8
   953 | D:2      | Noticed Terence
   978 | D:1      | Learned a level 1 spell: Necrotise
   981 | D:1      | Learned a level 2 spell: Static Discharge
  1022 | D:2      | Succumbed to an adder's poison

Illustrated notes

Levels and vault maps discovered:
D:1:      wander_arrival_fairy_ring, layout_basic
D:2:      layout_rooms, chequers_ecumenical_altar_twisty, serial_shops,
          nicolae_square_shop, minivault_11, uniq_natasha, uniq_terence

Action                   || total
-------------------------++-------
 Cast: Shock             ||    32
       Necrotise         ||     3
       Static Discharge  ||     2
  Use: Potion            ||     1
Armor: Robe              ||     3
Dodge: Dodged            ||     7

Table legend: (Time is in decaauts)
 A = Elapsed time spent in this place.
 B = Non-inter-level travel time spent in this place.
 C = Inter-level travel time spent in this place.
 D = Time resting spent in this place.
 E = Time spent auto-exploring this place.
 F = Levels seen in this place.
 G = Mean time per level.
                   A        B        C        D        E       F      G
               +--------+--------+--------+--------+--------+-----+--------+
         Total |   1022 |    988 |     34 |      0 |    905 |   2 |  511.0 |
       Dungeon |   1022 |    988 |     34 |      0 |    905 |   2 |  511.0 |
               +--------+--------+--------+--------+--------+-----+--------+

Top non-repeatable levels by time:
     D:1: 1000 daAuts
     D:2: 21 daAuts
